Map: Proxima Station LE

Players

Yata - Winner!

  • Race: Zerg Zerg
  • League: Silver
  • Spawn Location: 7:00

A.I. 1 (Hard)

  • Race: Zerg Zerg
  • Spawn Location: 1:00

VOD

Have the link to the VOD?

Description

Time

  • Played on: July 11, 2017, 7:28 p.m.
  • Length: 17:13
Show
View Real Time Build Order
Export as new Build Order

Yata Zerg - Winner!

Build Orders: Hatch First, Muta Ling Bane 

Get SALT Encoding   

  12  0:01  Drone  
  13  0:14  Overlord  
  13  0:19  Drone  
  14  0:32  Drone  
  14  0:33  Drone  
  16  0:37  Drone  
  17  0:56  Drone  
  18  0:59  Hatchery  
  17  1:07  Drone  
  17  1:09  Extractor  
  17  1:18  Spawning Pool  
  17  1:20  Drone  
  17  1:22  Drone  
  18  1:34  Drone  
  19  1:44  Overlord  
  19  1:58  Drone  
  20  2:08  Queen  
  20  2:11  Queen  
  20  2:13  Zergling x4  
  26  2:20  Drone  
  27  2:33  Metabolic Boost  
  27  2:34  Baneling Nest  
  26  2:52  Evolution Chamber  
  26  2:57  Extractor  
  24  3:01  Extractor  
  24  3:04  Drone x6  
  28  3:21  Zergling x2  
  29  3:40  Zergling x12  
  35  3:51  Overlord  
  35  4:14  Queen  
  35  4:16  Zerg Melee Weapons Level 1  
  37  4:19  Lair  
  37  4:22  Hatchery  
  36  4:26  Baneling x4  
  36  4:27  Baneling x2  
  36  4:39  Drone x3  
  36  5:34  Centrifical Hooks  
  36  5:42  Drone  
  37  5:43  Drone x7  
  37  5:45  Overlord x3  
  44  5:50  Pneumatized Carapace  
  44  5:52  Burrow  
  39  6:06  Drone  
  39  6:07  Drone x4  
  39  6:08  Drone  
  45  6:28  Zergling x18  
  51  6:52  Zergling x22  
  47  7:28  Drone  
  47  7:29  Drone x8  
  56  7:30  Queen  
  58  7:40  Zerg Melee Weapons Level 2  
  58  7:41  Spire  
  57  7:49  Infestation Pit  
  56  7:51  Drone  
  56  7:52  Drone x5  
  62  8:07  Extractor  
  61  8:26  Hive  
  73  8:41  Overseer  
  73  8:50  Overlord x3  
  73  8:51  Overlord x2  
  73  9:01  Zerg Flyer Weapons Level 1  
  73  9:21  Mutalisk x7  
  73  9:22  Mutalisk x4  
  95  9:27  Unknown  
  91  9:36  Queen  
  92  9:38  Queen  
  92  9:43  Hatchery  
  95  9:53  Mutalisk  
  95  9:54  Mutalisk x2  
  95  9:59  Queen  
  101  10:12  Queen  
  99  11:04  Ultralisk Cavern  
  98  11:30  Queen  
  100  11:37  Queen  
  98  11:50  Zergling x2  
  98  11:51  Zergling x26  
  112  11:55  Zerg Melee Weapons Level 3  
  98  12:45  Unknown  
  98  12:49  Ultralisk  
  98  12:50  Ultralisk x2  
  110  12:59  Unknown  
  96  13:35  Overlord x4  
  96  13:59  Zergling x4  
  96  14:00  Zergling x54  
  96  14:01  Zergling x10  
  130  14:16  Overlord x4  
  130  14:21  Unknown  
  128  14:25  Unknown  
  128  14:30  Unknown  
  128  14:34  Ultralisk x5  
  128  14:35  Ultralisk x2  
  170  14:38  Unknown  
  138  14:56  Chitinous Plating  
  138  15:18  Mutalisk x8  
  154  15:32  Zergling x2  
  154  15:33  Zergling x40  
  175  16:10  Unknown  
  173  16:36  Extractor  
  173  16:39  Unknown  
  172  16:40  Extractor  
  168  17:01  Unknown  
Show
View Real Time Build Order
Export as new Build Order

A.I. 1 (Hard) Zerg 

Build Orders: Pool First 

Get SALT Encoding   

  12  0:00  Drone  
  13  0:12  Overlord  
  13  0:16  Drone  
  14  0:30  Drone  
  14  0:32  Drone  
  16  0:43  Spawning Pool  
  16  0:45  Drone  
  16  0:50  Drone  
  16  0:53  Extractor  
  16  0:55  Drone  
  17  1:06  Overlord  
  17  1:31  Zergling x2  
  17  1:32  Queen  
  20  1:38  Roach Warren, Drone  
  20  1:43  Zergling x2  
  20  1:45  Extractor  
  20  1:49  Drone  
  21  2:00  Drone  
  22  2:11  Overlord  
  22  2:21  Drone  
  23  2:32  Roach  
  25  2:38  Drone  
  25  2:42  Overlord  
  26  2:44  Roach  
  28  2:56  Roach, Drone  
  31  3:05  Drone  
  32  3:08  Ravager  
  32  3:09  Ravager  
  32  3:10  Roach  
  36  3:13  Overlord  
  36  3:22  Roach  
  36  3:23  Drone  
  39  3:27  Drone  
  40  3:34  Ravager  
  40  3:38  Roach  
  43  3:41  Overlord  
  43  3:42  Drone  
  43  3:45  Drone  
  45  3:50  Roach  
  45  3:52  Baneling Nest  
  46  4:01  Drone  
  47  4:04  Evolution Chamber  
  46  4:11  Drone  
  46  4:14  Roach  
  48  4:26  Zergling x2  
  49  5:51  Overlord, Zergling x2, Zerg Melee Weapons Level 1, Lair  
  49  5:53  Evolution Chamber  
  49  5:56  Spore Crawler  
  49  5:57  Baneling  
  46  5:58  Hatchery  
  46  6:02  Zergling x2  
  46  6:08  Zergling x2  
  46  6:10  Drone  
  48  6:14  Zergling x2, Drone  
  50  6:18  Zerg Missile Weapons Level 1  
  50  6:20  Zergling x2  
  51  6:25  Zergling x2  
  52  6:48  Spore Crawler  
  52  6:49  Burrow  
  52  6:50  Metabolic Boost  
  52  6:51  Spire  
  50  6:55  Zergling x2, Baneling  
  48  7:10  Queen  
  48  7:11  Drone  
  48  7:12  Drone  
  48  7:14  Drone  
  48  7:15  Drone  
  51  7:17  Drone  
  51  7:18  Drone  
  51  7:19  Extractor  
  51  7:20  Drone  
  51  7:21  Drone  
  41  7:23  Drone  
  41  7:24  Drone  
  41  7:26  Drone  
  41  7:28  Drone  
  45  7:31  Drone  
  45  7:34  Drone  
  45  7:37  Drone  
  48  7:40  Drone  
  48  7:42  Drone  
  50  7:46  Zerg Ground Armor Level 1  
  50  7:51  Drone  
  50  7:53  Drone  
  50  7:56  Drone  
  50  7:57  Drone  
  54  7:59  Drone  
  54  8:03  Mutalisk, Drone  
  58  8:06  Overseer  
  58  8:08  Overseer  
  58  8:13  Mutalisk, Spine Crawler  
  58  8:18  Spine Crawler, Drone  
  58  8:19  Mutalisk  
  61  8:22  Spore Crawler  
  61  8:23  Drone  
  61  8:24  Mutalisk  
  61  8:26  Spore Crawler  
  62  8:27  Drone  
  62  8:30  Mutalisk  
  62  8:31  Queen  
  67  8:36  Overlord, Mutalisk  
  67  8:41  Hydralisk Den  
  68  8:42  Drone  
  68  8:48  Infestation Pit  
  68  8:49  Drone  
  68  8:51  Spine Crawler  
  68  8:52  Drone  
  69  8:57  Spine Crawler, Drone  
  69  9:20  Extractor  
  67  9:34  Zergling x2, Baneling  
  68  9:40  Baneling  
  68  9:43  Drone  
  69  9:54  Overlord, Hydralisk  
  69  9:55  Hive  
  71  10:05  Hatchery  
  70  10:11  Hydralisk  
  70  10:12  Overlord  
  72  10:21  Hydralisk  
  64  10:24  Pneumatized Carapace  
  63  10:31  Overseer  
  63  10:40  Overseer  
  63  11:12  Ultralisk Cavern  
  62  11:18  Drone  
  62  11:19  Overlord  
  62  11:20  Drone  
  62  11:21  Drone  
  62  11:23  Drone, Hydralisk  
  62  11:24  Drone  
  65  11:28  Drone  
  65  11:29  Drone  
  65  11:31  Drone  
  65  11:32  Drone  
  61  11:33  Hydralisk  
  61  11:34  Drone  
  61  11:37  Overlord, Drone  
  61  11:39  Drone  
  59  11:40  Drone  
  59  11:41  Overseer  
  59  11:43  Hydralisk  
  62  11:51  Drone  
  62  11:54  Hatchery  
  61  11:55  Overlord  
  61  11:59  Hydralisk  
  61  12:00  Drone  
  60  12:07  Hatchery  
  57  12:09  Hydralisk  
  54  12:18  Overlord, Extractor, Queen  
  54  12:19  Hydralisk  
  55  12:30  Zergling x2  
  55  12:35  Extractor, Drone  
  55  12:36  Overlord  
  53  12:38  Queen  
  53  12:39  Hydralisk  
  53  12:49  Queen  
  53  12:50  Ultralisk  
  59  12:57  Overlord  
  59  12:59  Hydralisk  
  58  13:08  Drone  
  58  13:09  Hydralisk  
  58  13:10  Drone x8  
  58  13:11  Drone x2  
  62  13:13  Drone  
  62  13:16  Drone x7  
  62  13:17  Hatchery  
  58  13:20  Hydralisk  
  58  13:23  Drone  
  60  13:27  Drone  
  60  13:31  Ultralisk, Extractor  
  60  13:32  Drone  
  67  13:36  Drone  
  67  13:39  Drone  
  67  13:41  Ultralisk, Drone  
  75  13:44  Drone  
  75  13:46  Drone  
  78  13:50  Overlord  
  78  13:51  Ultralisk  
  78  13:53  Drone  
  78  13:55  Drone  
  86  13:57  Drone, Hydralisk x2  
  86  13:58  Zergling x2  
  86  13:59  Zergling x2  
  86  14:01  Zergling x2  
  94  14:08  Lair  
  94  14:18  Baneling x2  
  88  14:25  Spire  
  88  14:30  Zergling x2  
  88  14:42  Zergling x2  
  79  14:48  Zergling x2  
  79  14:49  Ultralisk, Drone  
  79  14:50  Drone x2  
  48  14:57  Zergling x2, Baneling  
  42  15:01  Baneling  
  43  15:07  Zergling x2  
  43  15:11  Zergling x2  
  44  15:15  Hatchery  
  43  15:34  Drone  
  33  15:36  Drone  
  33  15:37  Mutalisk, Drone  
  33  15:38  Mutalisk  
  28  15:44  Drone  
  29  15:55  Drone, Queen  
  30  16:04  Zergling x2  
  31  16:08  Zergling x2  
  32  16:13  Zergling x2  
  33  16:25  Mutalisk  
  27  16:33  Drone  
  27  16:36  Drone  
  20  16:49  Drone  
Tags
 
Composition
Muta Ling Bane
League
Silver
Matchup
ZvZ
Race
Zerg
Replay Pack
Pack 1
Spawn Locations
Cross Positions
Add a new tag
Caveats
  • Supply blocks, unpowered buildings, or Contaminate may cause inaccurate times.
  • Supply counts are checked every 10 seconds.